 Dungeon Crawl Stone Soup version 0.27.0-1-g7a089689b8 (webtiles) character file.

Game seed: 17511051075387789064

296 nicksoapdish the Changer (level 6, 0/25 HPs)
             Began as a Felid Transmuter on Aug 3, 2021.
             Slain by a kobold (4 damage)
             ... on level 4 of the Dungeon.
             The game lasted 00:10:44 (5182 turns).

nicksoapdish the Changer (Felid Transmuter)         Turns: 5182, Time: 00:10:45

Health: 0/25       AC:  2    Str:  6    XL:     6   Next: 12%
Magic:  7/10       EV: 17    Int: 16    God:
Gold:   170        SH:  0    Dex: 17    Spells: 3/9 levels left
                                        Lives:  0   Deaths: 1

rFire    . . .     SeeInvis +     - Unarmed
rCold    . . .     Faith    .   (shield unavailable)
rNeg     . . .     Spirit   .   (armour unavailable)
rPois    .         Reflect  .   (helmet unavailable)
rElec    .         Harm     .   (cloak unavailable)
rCorr    .         Rampage  .   (gloves unavailable)
Will     .....                  (boots unavailable)
Stlth    +++.......             (no amulet)
HPRegen  0.08/turn              (no ring)
MPRegen  0.12/turn              (no ring)

@: appendages, wereblooded, quick
A: horns 2, very small, claws 1, fangs 3, see invisible, speed 1, shaggy fur 2,
stealthy paws, no weapons or thrown items, no armour, multi-lived
a: End Transformation


You were on level 4 of the Dungeon.
You had temporarily grown beastly horns.
You visited 1 branch of the dungeon, and saw 4 of its levels.

You collected 170 gold pieces.

Inventory:

Wands
 h - a wand of digging (7)
 l - a wand of iceblast (19)
Scrolls
 a - a scroll of amnesia
 c - a scroll of immolation
 d - a scroll of acquirement {unknown}
 e - a scroll of fog {unknown}
 j - 2 scrolls of enchant weapon
 k - a scroll of magic mapping
Potions
 b - a potion of invisibility
 g - 3 potions of lignification
 i - a potion of flight
 m - a potion of mutation {unknown}


   Skills:
 - Level 1.0 Fighting
 - Level 2.9 Dodging
 * Level 4.2 Stealth
 + Level 4.6 Unarmed Combat
 - Level 2.4 Spellcasting
 * Level 4.7 Transmutations
 * Level 1.5 Poison Magic


You had 3 spell levels left.
You knew the following spells:

 Your Spells              Type           Power      Damage    Failure   Level
a - Beastly Appendage     Tmut           34%        N/A       2%          1
b - Wereblood             Tmut           17%        N/A       4%          2
c - Spider Form           Tmut/Pois      5%         N/A       17%         3

Your spell library contained the following spells:

 Spells                   Type           Power      Damage    Failure   Level
 Passwall                 Tmut/Erth      7%         N/A       12%         2
 Poisonous Vapours        Pois/Air       8%         N/A       22%         2
 Corpse Rot               Necr/Air       N/A        N/A       30%         2
 Swiftness                Air            1%         N/A       52%         3
 Ice Form                 Ice/Tmut       9%         N/A       58%         4
 Freezing Cloud           Conj/Ice/Air   0%         6-21      99%         5
 Invisibility             Hex            0%         N/A       100%        6


Dungeon Overview and Level Annotations

Branches:
Dungeon (4/15)
 Temple: D:4-7

Altars:
Ru


Innate Abilities, Weirdness & Mutations

You have temporarily grown beastly horns.
You have sharp claws.
You have razor-sharp teeth.
You have supernaturally acute eyesight. (SInv)
You cover ground quickly. (Speed+)
You are covered in thick fur. (AC +2)
Your paws help you pounce on unaware monsters.
You are incapable of wielding weapons or throwing items.
You cannot wear armour.
You gain extra lives every three experience levels.


Message History

You completely miss the jackal. You headbutt the jackal.
The jackal is heavily wounded.
The jackal barely misses you. The jackal closely misses you. x2
You barely miss the jackal.
The jackal is heavily wounded.
The jackal closely misses you.
The jackal bites you but does no damage.
You scratch the jackal. Your bite misses the jackal.
The jackal is heavily wounded.
The jackal closely misses you. The jackal bites you.
The jackal barely misses you.
You claw the jackal!
You kill the jackal!
You closely miss the jackal. Your headbutt misses the jackal.
You bite the jackal.
You kill the jackal!
The kobold hits you with a +0 whip.
You closely miss the kobold. The kobold closely misses you.
You barely miss the kobold.
The goblin hits you with a +2 dagger of freezing.
The goblin freezes you.
Casting: Beastly Appendage (safe; 2% risk of failure)
Confirm with . or Enter, or press ? or * to list all spells.
Your blood is infused with primal strength.
The kobold misses you. The goblin closely misses you.
You barely miss the kobold. You bite the kobold.
The kobold is moderately wounded.
The kobold hits you with a +0 whip.
* * * LOW HITPOINT WARNING * * *
The goblin hits you with a +2 dagger of freezing.
* * * LOW HITPOINT WARNING * * *
The goblin freezes you.
* * * LOW HITPOINT WARNING * * *
You miss the goblin. The kobold barely misses you.
The goblin closely misses you.
You miss the goblin. You headbutt the goblin.
You feel a bit better.
You kill the goblin!
You howl as the wereblood boils in your veins!
The kobold hits you with a +0 whip.
You die...

#.......####..#.###.#######...###
#.......#...........# #...#
#................##.# #####
#..........[.....##.*
#................##+######*******
#.....<.......)..#..g.....,,,,,,,
########..)......#....(...,,**,**
########.........#........,**,,**
......##########@#......#***,,*,,
#####.# #)K......# *,*,,, #####.#
##.......#* *,,,*,
......#*********#........# **,*,*
#######*,,,,,,,,.........# *,*,,,
# *,,,,,,,..#..##...# *,,,*, ##
*,,,,,,,..#..#*...#**,,*,, .#
*^,,,,,.....>#*,...,***,,* .#
*,,,,,,...*###*,,,,,,**_**


You could see a kobold.

Vanquished Creatures
  A scorpion (D:4)
  A water moccasin skeleton (D:4)
  A hound (D:4)
  3 orc priests (D:3)
  Crazy Yiuf (D:2)
  A howler monkey skeleton (D:4)
  3 adders
  An ufetubus (D:4)
  An adder skeleton (D:4)
  4 worms
  2 dart slugs
  6 orcs
  7 endoplasms
  3 giant cockroaches
  7 goblins
  6 hobgoblins
  5 jackals
  3 quokkas
  10 ball pythons
  4 bats
  4 frilled lizards
  7 kobolds
  4 rats
85 creatures vanquished.

Notes
Turn   | Place    | Note
-------+----------+-------------------------------------------
     0 | D:1      | nicksoapdish the Felid Transmuter began the quest for the
                  | Orb.
     0 | D:1      | Reached XP level 1. HP: 9/9 MP: 4/4
   148 | D:1      | Found a faded altar of an unknown god.
   392 | D:1      | Reached XP level 2. HP: 3/12 MP: 3/6
   619 | D:1      | Learned a level 2 spell: Wereblood
  1451 | D:2      | Reached skill level 1 in Stealth
  1455 | D:2      | Reached XP level 3. HP: 10/15 MP: 5/7
  1604 | D:2      | Learned a level 3 spell: Spider Form
  2116 | D:2      | Found a runed translucent door.
  2117 | D:2      | Noticed Crazy Yiuf
  2127 | D:2      | Killed Crazy Yiuf
  2762 | D:2      | Reached XP level 4. HP: 19/19 MP: 6/8
  3530 | D:3      | Reached XP level 5. HP: 12/22 MP: 7/9
  3927 | D:3      | Reached skill level 1 in Poison Magic
  4037 | D:3      | Found a sacrificial altar of Ru.
  4180 | D:3      | HP: 1/22 [iguana (12)]
  4181 | D:3      | Mangled by an iguana
  4182 | D:3      | Reached XP level 4. HP: -12/19 MP: 8/8
  4618 | D:4      | Reached XP level 5. HP: 21/22 MP: 7/9
  5158 | D:4      | Gained mutation: You are covered in thick fur. (AC +2)
                  | [Felid growth]
  5158 | D:4      | Reached XP level 6. HP: 7/25 MP: 7/10
  5182 | D:4      | Slain by a kobold

Illustrated notes

Levels and vault maps discovered:
D:1:      dpeg_arrival_fog, layout_rooms,
          hellmonk_ecumenical_altar_pennies_from_heaven, serial_forest,
          infiniplex_forest_clump_tiny, infiniplex_forest_lined_corner,
          infiniplex_forest_lined_room_, infiniplex_forest_clump_curved,
          infiniplex_forest_lined_4_way, infiniplex_forest_clump_small,
          minmay_pentomino_u2
D:2:      layout_basic, grunt_decor_fettered, uniq_crazy_yiuf_cottage
D:3:      layout_basic, nicolae_ru_path_of_blood, kennysheep_generic_room_3
D:4:      layout_basic, marbit_many_paths, serial_glass, glass_columns_c,
          glass_columns_a, kennysheep_generic_room_15

Skill      XL: |  1  2  3  4  5 |
---------------+----------------+-----
Stealth        | 1 2 3 4 |  4.2
Transmutations | 3 4 |  4.7
Unarmed Combat | 4 |  4.6
Poison Magic   | 1 |  1.5
Fighting       | |  1.0
Dodging        | |  2.9
Spellcasting   | |  2.4

Action                   |  1- 3 |  4- 6 || total
-------------------------+-------+-------++-------
Melee: Unarmed           |    86 |   165 ||   251
       Headbutt          |    13 |    19 ||    32
       Bite              |     6 |    16 ||    22
       Punch             |     1 |     3 ||     4
 Cast: Beastly Appendage |    23 |    25 ||    48
       Wereblood         |     3 |    15 ||    18
  Use: Scroll            |     3 |     6 ||     9
       Potion            |       |     1 ||     1
 Stab: Sleeping          |     4 |     5 ||     9
Armor: Skin              |     6 |     8 ||    14
Dodge: Dodged            |    69 |   113 ||   182
